 Dungeon Crawl Stone Soup version 0.26-b1-32-g5d43845318 (webtiles) character file.

Game seed: 12459700089043420248

718 Borgoz the Skirmisher (level 7, -11/60 HPs)
             Began as a Ghoul Gladiator on Jan 13, 2021.
             Was a Follower of Okawaru.
             Mangled by an ogre
             ... wielding a +0 giant spiked club
              (13 damage)
             ... on level 5 of the Dungeon.
             The game lasted 00:06:10 (5215 turns).

Borgoz the Skirmisher (Ghoul Gladiator)             Turns: 5215, Time: 00:06:11

Health: -11/60     AC: 10    Str: 25    XL:     7   Next: 70%
Magic:  15/15      EV: 11    Int:  3    God:    Okawaru [*.....]
Gold:   220        SH:  5    Dex: 10    Spells: 6/6 levels left

rFire    . . .     SeeInvis .   (no weapon)
rCold    + . .     Faith    .   i - +2 buckler
rNeg     + + +     Spirit   .   e - +0 scale mail
rPois    ∞         Reflect  .   c - +0 helmet
rElec    .         Harm     .   k - +0 cloak
rCorr    +         Rampage  .   j - +0 pair of gloves "Niock" {rCorr MP+9 Str+7 Dex-2}
Will     .....                  p - +0 pair of boots
Stlth    ..........             (no amulet)
HPRegen  0.00/turn              (no ring)
MPRegen  0.14/turn              (no ring)

@: no status effects
A: claws 1, cold resistance 1, negative energy resistance 3, inhibited
regeneration, torment resistance, unbreathing
a: Renounce Religion, Heroism


You were on level 5 of the Dungeon.
You worshipped Okawaru.
Okawaru was aware of your devotion.
You visited 2 branches of the dungeon, and saw 6 of its levels.

You collected 220 gold pieces.

Inventory:

Hand Weapons
 h - a +0 dire flail
Missiles
 d - 2 throwing nets (quivered)
Armour
 c - a +0 helmet (worn)
 e - a +0 scale mail (worn)
 i - a +2 buckler (worn)
 j - the +0 pair of gloves "Niock" (worn) {rCorr MP+9 Str+7 Dex-2}
   (You found it on level 4 of the Dungeon)

   It affects your strength (+7).
   It affects your dexterity (-2).
   It affects your magic capacity (+9).
   It provides partial protection from all sources of acid and corrosion.
 k - a +0 cloak (worn)
 p - a +0 pair of boots (worn)
Jewellery
 g - an uncursed ring of flight
Scrolls
 b - 2 scrolls of remove curse
 f - a scroll of identify
 m - 3 scrolls of teleportation
Potions
 q - a potion of brilliance


   Skills:
 * Level 4.9 Fighting
 * Level 4.5 Maces & Flails
 - Level 3.7 Throwing
 * Level 1.3 Armour
 * Level 4.5 Dodging


You had 6 spell levels left.
You didn't know any spells.
Your spell library was empty.

Dungeon Overview and Level Annotations

Branches:
Dungeon (5/15)             Temple (1/1) D:5

Altars:
Ashenzari
Cheibriados
Dithmenos
Elyvilon
Fedhas
Hepliaklqana
Kikubaaqudgha
Makhleb
Nemelex Xobeh
Okawaru
Ru
Sif Muna
Trog
Uskayaw
Vehumet
Wu Jian
Xom
Yredelemnul
Zin
The Shining One


Innate Abilities, Weirdness & Mutations

You thrive by killing the living.
You are immune to poison.
You have sharp fingernails.
Your flesh is cold resistant. (rC+)
You are immune to negative energy. (rN+++)
You do not regenerate when monsters are visible.
You are immune to unholy pain and torment.
You can survive without breathing.


Message History

You hit the ogre but do no damage.
The ogre is almost dead.
The ogre struggles against the net.
You hit the ogre but do no damage.
The ogre is almost dead.
The ogre struggles against the net.
You hit the ogre but do no damage.
The ogre is severely wounded.
The ogre struggles against the net. x2
You hit the ogre.
The ogre is almost dead.
You block the orc's attack.
You strike the helpless ogre from behind!
You hit the ogre.
The ogre is almost dead.
The ogre struggles against the net.
The net rips apart, and the ogre comes free!
The orc barely misses you.
The ogre hits you with a +0 giant spiked club!
You die...

..# #.#
#.#...###.#...#.# ..#
#.## #.###...#.#......
..#
.#.###.#####.....###.#
..#
............)#......#
...
.).....####....#####
... #......# ####.#
##.
#".._..#######.#####
#oO........†......#
#.@...#######)###.#
##..### #....[.....
#..#####.###.###.#
#.....##.###.#
#............#
#........#####
#.##.##### ........#
#.##.####


You could see an ogre and an orc.

Vanquished Creatures
  A phantom (D:4)
  An ogre (D:4)
  Blork the orc (D:5)
  3 hounds
  2 worker ants (D:4)
  Natasha (thrice) (D:3)
  A hound skeleton (D:4)
  7 gnolls (D:3)
  9 adders
  An ooze (D:3)
  4 worms
  3 dart slugs
  6 leopard geckos
  5 orcs (D:3)
  A giant cockroach (D:2)
  6 goblins
  11 hobgoblins
  2 quokkas (D:3)
  3 ball pythons
  3 bats
  3 frilled lizards
  7 kobolds
  9 rats
92 creatures vanquished.

Notes
Turn   | Place    | Note
-------+----------+-------------------------------------------
     0 | D:1      | Borgoz the Ghoul Gladiator began the quest for the Orb.
     0 | D:1      | Reached XP level 1. HP: 17/17 MP: 0/0
   208 | D:1      | Reached XP level 2. HP: 23/25 MP: 1/1
   509 | D:1      | Reached XP level 3. HP: 30/30 MP: 2/2
  1158 | D:2      | Found an iron altar of Okawaru.
  1169 | D:2      | Became a worshipper of Warmaster Okawaru
  1311 | D:2      | Reached XP level 4. HP: 38/38 MP: 3/3
  1905 | D:3      | Found a sparkling altar of Nemelex Xobeh.
  2111 | D:3      | Noticed Natasha
  2121 | D:3      | Killed Natasha
  2122 | D:3      | Reached XP level 5. HP: 29/45 MP: 4/4
  2321 | D:3      | Noticed Natasha
  2346 | D:3      | Killed Natasha
  2638 | D:3      | Noticed Natasha
  2644 | D:3      | Killed Natasha
  2757 | D:3      | Reached XP level 6. HP: 44/52 MP: 5/5
  2757 | D:3      | Found a bloodstained altar of Trog.
  2757 | D:3      | Found a sparkling altar of Nemelex Xobeh.
  3570 | D:4      | Got a pair of translucent gloves
  3587 | D:4      | Identified the +0 pair of gloves "Niock" {rCorr MP+9 Str+7
                  | Dex-2} (You found it on level 4 of the Dungeon)
  3677 | D:4      | Noticed a phantom
  3686 | D:4      | Reached XP level 7. HP: 18/60 MP: 6/6
  4143 | D:4      | Reached * piety under Okawaru
  4637 | D:4      | Found an ornate altar of the Wu Jian Council.
  4646 | D:4      | Reached skill level 1 in Armour
  4771 | D:5      | Entered Level 5 of the Dungeon
  4838 | D:5      | Found a staircase to the Ecumenical Temple.
  4897 | Temple   | Entered the Ecumenical Temple
  5010 | D:5      | Noticed Blork the orc
  5027 | D:5      | Killed Blork the orc
  5190 | D:5      | Found a shadowy altar of Dithmenos.
  5209 | D:5      | HP: 2/60 [ogre/+0 giant spiked club (29)]
  5215 | D:5      | Mangled by an ogre

Illustrated notes

Levels and vault maps discovered:
D:1:      dpeg_arrival_round_a, layout_loops_ring, minmay_octomino_e4
D:2:      layout_loops_corners, okawaru_ov_weapons_minmay
D:3:      layout_basic, gammafunk_temple_overflow_pools,
          nemelex_xobeh_ov_fountains_minmay, uniq_natasha
D:4:      layout_cave_pools, lemuel_round_altar
D:5:      layout_loops_ring, gammafunk_temple_overflow_forgotten,
          minmay_temple_entry_slanted, basic_altar, uniq_blork_the_orc
Temple:   lightli_temple_of_artemis

Skill      XL: |  1  2  3  4  5  6  7 |
---------------+----------------------+-----
Throwing       | 2 3 |  3.7
Dodging        | 3 4 |  4.5
Maces & Flails | 3 4 |  4.5
Fighting       | 3 4 |  4.9
Armour         | 1 |  1.3

Action                   |  1- 3 |  4- 6 |  7- 9 || total
-------------------------+-------+-------+-------++-------
Melee: Flail             |    92 |   294 |   125 ||   511
       Unarmed           |       |       |    19 ||    19
Throw: Throwing net      |       |     2 |     1 ||     3
  Use: Scroll            |       |     9 |     3 ||    12
       Potion            |       |     1 |       ||     1
 Stab: Held in net/web   |       |     1 |     1 ||     2
Armor: Scale mail        |    42 |   175 |    46 ||   263
       Leather armour    |     1 |       |       ||     1
Dodge: Dodged            |    50 |   193 |    68 ||   311
Block: Buckler           |    12 |    95 |    33 ||   140
